 Dungeon Crawl Stone Soup version 0.27-a0-1434-g6f15984924 (webtiles) character file.

Game seed: 13024177346656963865

200 Snarg the Twirler (level 6, 0/46 HPs)
             Began as a Djinni Wanderer on July 3, 2021.
             Was a Follower of Jiyva.
             Killed by nerve-wracking pain
             ... invoked by an orc priest
              (2 damage)
             ... on level 4 of the Dungeon.
             The game lasted 00:15:09 (3648 turns).

Snarg the Twirler (Djinni Wanderer)                 Turns: 3648, Time: 00:15:10

Health: 0/46       AC:  3    Str: 13    XL:     6   Next: 7%
Gold:   89         EV: 12    Int: 14    God:    Jiyva [*.....] SH:  0 Dex: 12

rFire    + + .     SeeInvis .   a - +2 quarterstaff
rCold    x . .     Faith    .   (shield currently unavailable)
rNeg     + . .     Spirit   .   d - +0 robe
rPois    ∞         Reflect  .   (no helmet)
rElec    .         Harm     .   g - +0 cloak
rCorr    .         Rampage  .   (no gloves)
Will     .....                  (boots unavailable)
Stlth    ++........             (no amulet)
HPRegen  0.15/turn              j - ring of positive energy
MPRegen  0.00/turn              (no ring)

@: brilliant, flying
A: sickness immunity, fire resistance 2, cold vulnerability 1, float, innate
caster, hp casting, extra vitality 1
a: Renounce Religion, Request Jelly


You were on level 4 of the Dungeon.
You worshipped Jiyva.
Jiyva was aware of your devotion.
You visited 2 branches of the dungeon, and saw 5 of its levels.

You collected 89 gold pieces.

Inventory:

Hand Weapons
 a - a +2 quarterstaff (weapon)
 c - a +2 short sword of holy wrath
 o - a +2 hunting sling of freezing
 p - a +0 short sword of draining
Missiles
 i - 37 stones
 m - 4 poisoned darts
Armour
 d - a +0 robe (worn)
 g - a +0 cloak (worn)
Magical Staves
 b - a staff of cold
Jewellery
 j - a ring of positive energy (left hand)
 q - a ring of poison resistance
Scrolls
 e - 2 scrolls of summoning {unknown}
 f - 2 scrolls of vulnerability {unknown}
 h - a scroll of noise {unknown}
 k - 3 scrolls of amnesia {unknown}
Potions
 n - a potion of berserk rage {unknown}
 r - a potion of mutation {unknown}


   Skills:
 + Level 3.6 Fighting
 + Level 3.9 Staves
 - Level 1.0 Throwing
 + Level 2.1 Dodging
 + Level 2.0 Stealth
 - Level 1.0 Unarmed Combat
 * Level 1.9 Spellcasting


You had one spell level left.
You knew the following spells:

 Your Spells              Type           Power      Damage    Failure   Level
a - Freeze                Ice            40%        1d6       11%         1
b - Frozen Ramparts       Ice            20%        1d4       32%         3
c - Animate Skeleton      Necr           20%        N/A       11%         1
d - Searing Ray           Conj           20%        3d3       16%         2

Your spell library contained the following spells:

 Spells                   Type           Power      Damage    Failure   Level


Dungeon Overview and Level Annotations

Branches:
Dungeon (4/15)             Temple (1/1) D:4

Altars:
Elyvilon
Hepliaklqana
Kikubaaqudgha
Ru
Sif Muna
Vehumet
Wu Jian
Xom
Yredelemnul
Zin
The Shining One
Jiyva

Shops:
D:3 *

Annotations:
D:1 clr
D:2 clr
D:3 clr


Innate Abilities, Weirdness & Mutations

You are immune to sickness and miasma.
You are immune to poison.
Your flesh is very heat resistant. (rF++)
You are vulnerable to cold. (rC-)
You float through the air rather than walking.
You learn spells naturally, not from books.
Your magical power is your life essence.
You have superior vitality. (+4 HP)


Message History

The orc priest is moderately wounded.
The wall freezes the orc priest.
The orc priest hits you with a +0 dagger.
The wall freezes the orc priest.
You hit the orc priest.
The orc priest is severely wounded.
The wall freezes the orc priest. x2
You closely miss the orc priest.
The orc priest is severely wounded.
The frozen ramparts melt away.
You hear a distant slurping noise.
Jiyva appreciates your sacrifice.
The orc priest calls down the wrath of Beogh upon you.
Pain shoots through your body!
* * * LOW HITPOINT WARNING * * *
The orc priest closely misses you.
Unknown command.
You hit the orc priest.
You kill the orc priest!
You hear a distant slurping noise.
Your Stealth skill increases to level 2!
You have reached level 6!
Your experience leads to an increase in your attributes!
Increase (S)trength, (I)ntelligence, or (D)exterity?
You feel stronger.
You closely miss the orc priest.
The orc priest is heavily wounded.
The orc priest barely misses you. The orc hits you with a +0 flail.
* * * LOW HITPOINT WARNING * * *
Unknown command.
You hit the orc priest.
The orc priest is severely wounded.
The orc priest hits you with a +0 hand axe.
* * * LOW HITPOINT WARNING * * *
The orc completely misses you.
It was a potion of brilliance.
You feel clever all of a sudden.
The orc priest invokes the aid of Beogh against you.
Pain shoots through your body!
You die...

##.#####....# ##.
##.....##...........
#+
#.......#...........
#.......#...........
#...o...#......#.#
#..oo...#.######..
#.J...o.#.........
#.......#.........
#.......#@...###..
........oo...#
........#.....#
...#....#.....# ..
#....#.....# .
#....#..####
+....#..# #....#..#
#....#..#


You could see an orc priest and an orc.

Vanquished Creatures
  A hound (D:4)
  An orc priest (D:4)
  3 gnolls (D:3)
  5 adders
  A worm (D:2)
  3 dart slugs (D:1)
  3 orcs
  5 ball pythons
  5 bats
  3 endoplasms
  4 giant cockroaches
  4 goblins
  3 hobgoblins
  3 jackals
  A frilled lizard (D:1)
  6 kobolds
  5 rats
56 creatures vanquished.

Vanquished Creatures (others)
  An adder (D:4)
  An ufetubus (D:4)
  A giant cockroach (D:4)
  A hobgoblin (D:4)
  A jackal (D:4)
5 creatures vanquished.

Grand Total: 61 creatures vanquished

Notes
Turn   | Place    | Note
-------+----------+-------------------------------------------
     0 | D:1      | Snarg the Djinni Wanderer began the quest for the Orb.
     0 | D:1      | Reached XP level 1. HP: 20/20 MP: 0/0
    90 | D:1      | Reached XP level 2. HP: 18/25 MP: 0/0
   192 | D:1      | Found a faded altar of an unknown god.
  1045 | D:1      | Reached XP level 3. HP: 30/30 MP: 0/0
  1045 | D:1      | Learned a level 1 spell: Animate Skeleton
  1363 | D:2      | Reached skill level 1 in Spellcasting
  1670 | D:2      | Reached XP level 4. HP: 30/35 MP: 0/0
  2283 | D:3      | Reached XP level 5. HP: 36/40 MP: 0/0
  2283 | D:3      | Learned a level 2 spell: Searing Ray
  2717 | D:3      | Found Zin's Purification Station.
  2720 | D:3      | Found a glowing silver altar of Zin.
  2958 | D:4      | Found a staircase to the Ecumenical Temple.
  2975 | Temple   | Entered the Ecumenical Temple
  3154 | Temple   | Upgraded the game from 0.27-a0-1431-gcffa5a9b16 to
                  | 0.27-a0-1434-g6f15984924
  3259 | D:1      | Became a worshipper of Jiyva Jaupneis the Shapeless
  3259 | D:1      | Reached * piety under Jiyva
  3646 | D:4      | Reached XP level 6. HP: 11/46 MP: 0/0
  3647 | D:4      | HP: 2/46 [orc priest (6)]
  3648 | D:4      | Killed from afar by an orc priest

Illustrated notes

Levels and vault maps discovered:
D:1:      lightli_arrival_flooded_house, layout_basic,
          hellmonk_ecumenical_altar_arch_garden
D:2:      layout_rooms, hex_tiny
D:3:      layout_loops_ring, zin_purify
D:4:      cheibrodos_pilgrimage, layout_gridville,
          gammafunk_temple_overflow_claw, temple_statues, serial_rivers,
          chequers_serial_rivers_micro_c, chequers_serial_rivers_room_b,
          chequers_serial_rivers_small_a, chequers_serial_rivers_micro_b,
          chequers_serial_rivers_micro_e, minmay_misc_feat_roman,
          kennysheep_path_1, minmay_pentomino_pile, uniq_robin
Temple:   jpeg_temple_alley_garden

Skill      XL: |  1  2  3  4  5 |
---------------+----------------+-----
Staves         | 3 |  3.9
Spellcasting   | 1 |  1.9
Dodging        | 2 |  2.1
Stealth        | 2 |  2.0
Fighting       | |  3.6
Throwing       | |  1.0
Unarmed Combat | |  1.0

Action                   |  1- 3 |  4- 6 || total
-------------------------+-------+-------++-------
Melee: Quarterstaff      |    46 |    74 ||   120
       Staff             |    14 |     2 ||    16
 Cast: Freeze            |    14 |     4 ||    18
       Frozen Ramparts   |       |     3 ||     3
       Animate Skeleton  |       |     2 ||     2
  Use: Potion            |       |     1 ||     1
 Stab: Sleeping          |     5 |     7 ||    12
Armor: Robe              |    11 |    18 ||    29
Dodge: Dodged            |    45 |    50 ||    95

Table legend: (Time is in decaauts)
 A = Elapsed time spent in this place.
 B = Non-inter-level travel time spent in this place.
 C = Inter-level travel time spent in this place.
 D = Time resting spent in this place.
 E = Time spent auto-exploring this place.
 F = Levels seen in this place.
 G = Mean time per level.
                   A        B        C        D        E       F      G
               +--------+--------+--------+--------+--------+-----+--------+
         Total |   3663 |   3415 |    248 |    389 |   2302 |   5 |  732.6 |
       Dungeon |   3428 |   3236 |    192 |    389 |   2124 |   4 |  857.0 |
        Temple |    234 |    178 |     56 |      0 |    178 |   1 |  234.0 |
               +--------+--------+--------+--------+--------+-----+--------+

Top non-repeatable levels by time:
     D:1: 1368 daAuts
     D:3: 1015 daAuts
     D:2: 644 daAuts
     D:4: 400 daAuts
  Temple: 234 daAuts
